 Dungeon Crawl Stone Soup version 0.17-a0-1996-gd2c0ec8 (webtiles) character file.

48 Geeful the Gusty (level 3, 0/28 HPs)
             Began as a Tengu Air Elementalist on Oct 7, 2015.
             Succumbed to an adder's poison
             ... on level 2 of the Dungeon.
             The game lasted 00:06:14 (1943 turns).

Geeful the Gusty (Tengu Air Elementalist)           Turns: 1943, Time: 00:06:14

Health: 0/28       AC: 21    Str:  8    XL:     3   Next: 72%
Magic:  7/8        EV:  2    Int: 16    God:
Gold:   119        SH:  0    Dex: 16    Spells: 2 memorised, 4 levels left

rFire  . . .     SeeInvis .     l - +0 spear
rCold  . . .     Clarity  .     (armour currently unavailable)
rNeg   + + +     SustAt   .     (no shield)
rPois  +         Gourm    .     (helmet currently unavailable)
rElec  .         Spirit   .     (cloak currently unavailable)
rCorr  .         Warding  .     (gloves currently unavailable)
rMut   .         NoTele   +     (boots unavailable)
MR     .....                    (no amulet)
Stlth  +++.......               (no ring)
                                (no ring)

@: lethally poisoned (0 -> -4), tree-form, repel missiles, not resistant to
hostile enchantments, fairly stealthy
A: (beak), (talons 0), agile 1
a: no special abilities


You were on level 2 of the Dungeon.
You were not hungry.
You were a tree.
You visited 1 branch of the dungeon, and saw 2 of its levels.

You collected 119 gold pieces.

Inventory:

Hand Weapons
 l - a +0 spear (weapon)
Missiles
 p - 5 tomahawks (quivered)
Armour
 a - a +0 robe (melded)
Jewellery
 q - a cursed ring of teleportation
Scrolls
 d - a scroll of random uselessness {unknown}
 e - a scroll of remove curse {unknown}
 i - a scroll of enchant weapon {unknown}
 j - a scroll of enchant armour {unknown}
 m - a scroll of fear {unknown}
Potions
 n - a potion of heal wounds {unknown}
 o - a potion of curing {unknown}
Books
 b - a book of Air

   Spells                             Type                      Level
   a - Shock                          Conjuration/Air              1
   b - Swiftness                      Charms/Air                   2
   c - Repel Missiles                 Charms/Air                   2
   d - Static Discharge               Conjuration/Air              3
   e - Lightning Bolt                 Conjuration/Air              5
Comestibles
 c - a bread ration
 f - 4 meat rations
 k - a slice of pizza
 r - a chunk of flesh


   Skills:
 - Level 2.1 Dodging
 - Level 2.0 Stealth
 + Level 2.7 Spellcasting
 + Level 2.6 Conjurations
 + Level 4.7 Air Magic


You had 4 spell levels left.
You knew the following spells:

 Your Spells              Type           Power        Failure   Level  Hunger
a - Shock                 Conj/Air       ##..         6%          1    #......
b - Repel Missiles        Chrm/Air       #.....       12%         2    ##.....


Dungeon Overview and Level Annotations

Branches:
Dungeon (2/15)

Altars:
Nemelex Xobeh


Innate Abilities, Weirdness & Mutations

((You have a beak for a mouth.))
((You have claws for feet.))
You are agile. (Dex +2)


Message History

* * * LOW HITPOINT WARNING * * *
You feel sick. The adder bites you but does no damage.
You barely miss the adder.
The adder is severely wounded.
The adder bites you but does no damage. x2
Casting: Shock
Confirm with . or Enter, or press ? or * to list all spells.
Aiming: Shock
Press: ? - help, Shift-Dir - straight line, f/p - adder
Aim: an adder (severely wounded) That beam is likely to hit you.
Continue anyway?
The zap hits the adder.
You kill the adder!
Helpless, you fail to dodge the zap. The zap hits you!
* * * LOW HITPOINT WARNING * * *
Drink which item? (? for menu, Esc to quit)
It was a potion of beneficial mutation.
You feel agile.
You feel fantastic!
You die...

#..# ####.# #..# ##.##.#
#..####.#.#$###
#......###....## # ##.##.##
##....##.##
######.###.###.........#
....(.......#.#.........
.####..####.###...##..# #..#
### #♣†.##..# #..# #...##..##
#..#### #.<...... #.####.....#
#.......#
......[.##.#####.#.#...#######
#.............##.#............
#..#######.##.##.###.#.#######
#. #.##.##.....#.# #
#.#...#.###.#.#


There were no monsters in sight!

Vanquished Creatures
  An adder (D:2)
  3 giant geckos
  A giant cockroach (D:2)
  7 goblins
  5 hobgoblins
  A ball python (D:2)
  6 bats (D:1)
  2 giant newts (D:1)
  7 kobolds
  3 rats (D:1)
36 creatures vanquished.

Notes
Turn   | Place    | Note
--------------------------------------------------------------
     0 | D:1      | Geeful the Tengu Air Elementalist began the quest for the Orb.
     0 | D:1      | Reached XP level 1. HP: 10/10 MP: 4/4
     2 | D:1      | Noticed a merfolk
     2 | D:1      | Noticed a formicid
     4 | D:1      | Noticed an elf
     6 | D:1      | Noticed a centaur
     8 | D:1      | Noticed a ghoul
    10 | D:1      | Noticed a spriggan
    12 | D:1      | Noticed a troll
    12 | D:1      | Noticed an octopode
    14 | D:1      | Noticed a gargoyle
    14 | D:1      | Noticed a dwarf
    16 | D:1      | Noticed a vampire
    16 | D:1      | Noticed a human
    18 | D:1      | Noticed a naga
    20 | D:1      | Noticed an ogre
    20 | D:1      | Noticed a demonspawn
    22 | D:1      | Noticed a tengu
    22 | D:1      | Noticed a draconian
    24 | D:1      | Noticed a demigod
    24 | D:1      | Noticed a minotaur
    26 | D:1      | Noticed a felid
    26 | D:1      | Noticed a vine stalker
    56 | D:1      | You fall through a shaft!
   386 | D:1      | Reached XP level 2. HP: 15/15 MP: 4/6
  1049 | D:1      | Found a sparkling altar of Nemelex Xobeh.
  1102 | D:1      | Reached XP level 3. HP: 12/19 MP: 7/7
  1278 | D:1      | Learned a level 2 spell: Repel Missiles
  1942 | D:2      | HP: 1/28 [bounced beam (2)]
  1943 | D:2      | Gained mutation: You are agile. (Dex +2) [potion of beneficial mutation]
  1943 | D:2      | Succumbed to an adder's poison

Vault maps used:
D:1:      kb_arrival_jail, minmay_door_square, nemelex_diamond_rough_becter

Action                   || total
-------------------------++-------
Melee: Unarmed           ||     3
       Spear             ||    59
 Cast: Shock             ||    29
       Repel Missiles    ||     1
  Use: Potion            ||     2
       Scroll            ||     1
 Stab: Sleeping          ||     5
  Eat: Chunk             ||     4
